Unix NetHack Version 5.0.0-0 post-release - last build Jun 10 2026 00:39:30 (3ee93aec679c4c4259841fe613dc97188e26a321,branch:main).

Game began 2026-06-22 09:00:15, ended 2026-06-22 14:53:37.

LDaviesPeters, neutral female human Archeologist

                               -------     -------
                               |>.|..|   --|odEu$|
                               |....`|   |.+fxqvM|
                              ---.--.|   |-|uh:YY|--
                           ----..%.|.--  |.+d:obd@.|
                           |.......|..-- |-|c:o'i|.|
                           |....---|...| |`u.oFc.|.|
                           |....|..|.%.| --|M:n$$|.|
                           |..*.)..|...|   ------|.|
                          --....|......--        |.|
                          |`)...|..|..`.|        |.|
                          |`....|--|....|        |.|
                          |..|.--  --...|        |.|
                          ----.|    -----        |.|
                            |..-------------------.|
                            |..^...................|
                            ------------------------

LDaviesPeters the Investigator  St:25 Dx:13 Co:16 In:18 Wi:16 Ch:8  Neutral
Dlvl:2  $:0  HP:0(67) Pw:39(39) AC:2  Xp:9 T:12053 

Latest messages:
 The dwarf picks up 33 gold pieces.
 The quasit starts to attack you, but pulls back.
 A mysterious force prevents the white unicorn from teleporting!
 A mysterious force prevents the white unicorn from teleporting!
 The owlbear loosens its grip slightly.
 The dwarf picks up 32 gold pieces.
 The quasit starts to attack you, but pulls back.
 A mysterious force prevents the white unicorn from teleporting!
 A mysterious force prevents the white unicorn from teleporting!
 The dingo starts to attack you, but pulls back.
 You finish your prayer.
 You feel that Camaxtli is well-pleased.
 You feel much better.
 You cannot escape from the owlbear!
 The hill orc picks up 46 gold pieces.
 The owlbear hits!
 The owlbear hits again!
 You are being crushed.
 The quasit hits!
 The quasit hits again!
 The quasit's sting was poisoned!
 The poison doesn't seem to affect you.
 The quasit just misses!
 A mysterious force prevents the white unicorn from teleporting!
 The dingo bites!
 A mysterious force prevents the white unicorn from teleporting!
 You hit the owlbear!
 The owlbear hits!
 The owlbear hits again!
 You are being crushed.
 The quasit hits!
 The quasit hits again!
 The quasit misses!
 A mysterious force prevents the white unicorn from teleporting!
 The dingo bites!
 The orc-captain picks up 47 gold pieces.
 You hit the owlbear!
 The owlbear hits!
 The owlbear hits again!
 You are being crushed.
 The quasit hits!
 The quasit hits again!
 The quasit bites!
 The dingo bites!
 You die...
 Do you want your possessions identified? [ynq] (y) y
 Do you want to see your attributes? [ynq] (y) y
 Do you want an account of creatures vanquished? [ynaq] (y) n
 Do you want to see your conduct and achievements? [ynq] (y) y
 Do you want to see the dungeon overview? [ynq] (y) n

Inventory:
 Weapons  (')')
  V - 6 +0 shuriken
  y - a blessed +0 dagger (at the ready)
  t - 5 +0 daggers
  x - a blessed +2 bullwhip
  a - the blessed +0 Grayswandir (weapon in right hand)
 Armor    ('[')
  K - an uncursed rusty +0 orcish helm (being worn)
  X - an uncursed thoroughly rusty +2 pair of gauntlets of power (being worn)
  O - an uncursed +0 dwarvish cloak (being worn)
  R - an uncursed +0 mummy wrapping
  U - an uncursed +0 dwarvish mithril-coat (being worn)
 Comestibles  ('%')
  e - an uncursed slime mold
  w - an uncursed cram ration
  d - 7 uncursed food rations
  M - 2 uncursed tripe rations
  c - an uncursed centipede egg
 Rings    ('=')
  A - an uncursed ring of cold resistance
  o - an uncursed ring of free action
  Y - an uncursed ring of poison resistance
  h - an uncursed ring of see invisible (on left hand)
  n - an uncursed ring of stealth
  i - an uncursed ring of warning
 Wands    ('/')
  Q - a wand of create monster (0:14)
  B - a wand of digging (0:3)
  j - a wand of polymorph (0:6)
  r - a wand of speed monster (0:5)
  F - a wand of striking (0:3)
  D - a wand of striking (0:1)
  T - a wand of teleportation (0:4)
 Tools    ('(')
  b - an uncursed sack containing 6 items
  l - an uncursed oil lamp
  s - an uncursed oil lamp
  p - a +0 pick-axe (alternate weapon; not wielded)
  k - an uncursed skeleton key
  z - an uncursed stethoscope
  f - a tinning kit (0:59)
  u - a +0 unicorn horn
 Gems/Stones  ('*')
  m - an uncursed amethyst stone
  G - an uncursed chrysoberyl stone
  C - a cursed dilithium crystal
  q - 2 uncursed emeralds
  J - 3 uncursed jade stones
  g - an uncursed touchstone

Contents of the sack:
  747 gold pieces
  an uncursed scroll of create monster
  an uncursed scroll of remove curse
  an uncursed potion of extra healing
  an uncursed potion of gain level
  an uncursed potion of healing

LDaviesPeters the Archeologist's attributes:

Background:
 You were an Investigator, a level 9 female human Archeologist.
 You were neutral, on a mission for Camaxtli
 who was opposed by Quetzalcoatl (lawful) and Huhetotl (chaotic).
 You were right-handed.
 You were in Sokoban, on level 2.
 You entered the dungeon 12053 turns ago.
 You had 4452 experience points, 668 more were needed to attain level 10.

Basics:
 You had 0 out of 67 hit points.
 You had all 39 energy points (spell power).
 Your armor class was 2.
 Your wallet was empty, but
 you had 747 zorkmids stashed away in your pack.
 Autopickup was off.

Final Characteristics:
 Your strength was 25 (base:14, innate limit:18/100).
 Your dexterity was 13 (limit:18).
 Your constitution was 16 (limit:18).
 Your intelligence was 18 (limit:18).
 Your wisdom was 16 (limit:18).
 Your charisma was 8 (limit:18).

Final Status:
 You were held by an owlbear (northwest).
 You weren't hungry.
 You were unencumbered.
 You were wielding a saber.
 You had expert skill with saber.

Final Attributes:
 You were piously aligned.
 Your items were somewhat protected from fire.
 Your items were somewhat protected from cold.
 You were poison resistant.
 You resisted hallucinations.
 You saw invisible.
 You were telepathic.
 You had automatic searching.
 You were stealthy.
 You were guarded.
 Your spell casting was impaired by metallic armor.
 You are dead.

Miscellaneous:
 You didn't encounter any bones levels.
 Total elapsed playing time was 3 hours, 49 minutes and 55 seconds.

Major events:
 Turn
    1: LDaviesPeters the neutral female human Archeologist entered the dungeon
  458: entered the Gnomish Mines
 1475: attained the rank of Field Worker (level 3)
 3767: entered Sokoban
 4052: completed 1st Sokoban level
 4712: completed 2nd Sokoban level
 4876: attained the rank of Investigator (level 6)
 5558: made her first wish - "blessed +3 Grayswandir", got "a silver saber named Grayswandir"
 7027: reached Mine Town
10875: completed 3rd Sokoban level
11816: completed 4th Sokoban level
12053: killed by a dingo

Spells:
 Name                 Level Category     Fail Retention
 jumping                1   escape       100%  76%-100%

Skills:
 Fighting Skills
   bare handed combat [Unskilled]
   two weapon combat  [Unskilled]
   riding             [Unskilled]
 Weapon Skills
   dagger             [Unskilled]
   knife              [Unskilled]
   pick-axe           [Basic]
   short sword        [Unskilled]
   saber              [Expert]
   club               [Unskilled]
   quarterstaff       [Unskilled]
   sling              [Unskilled]
   dart               [Unskilled]
   boomerang          [Unskilled]
   whip               [Basic]
   unicorn horn       [Unskilled]
 Spellcasting Skills
   attack spells      [Unskilled]
   healing spells     [Unskilled]
   divination spells  [Unskilled]
   matter spells      [Unskilled]

Voluntary challenges:
 Character rerolling was not enabled.
 You never genocided any monsters.
 You never polymorphed an object.
 You never changed form.
 You used 1 wish (for an artifact).
 You violated the special Sokoban rules 4 times.
Achievements:
 You entered the Gnomish Mines.
 You attained the rank of Field Worker.
 You entered Sokoban.
 You attained the rank of Investigator.
 You entered Minetown.

 The Dungeons of Doom: levels 1 to 7
    Level 1:
       A fountain, a sink.
    Level 2:
       Stairs down to The Gnomish Mines.
    Level 3:
    Level 4:
       A fountain.
    Level 5:
    Level 6:
       A fountain, a sink.
       Stairs up to Sokoban, level 5.
    Level 7:
 The Gnomish Mines: levels 3 to 7
    Level 3:
    Level 4:
    Level 5:
       An altar, some fountains.
    Level 6:
    Level 7:
 Sokoban: levels 5 up to 2
    Level 2: <- You were here.
       Solved.
       Final resting place for
          you, killed by a dingo.
    Level 3:
       Solved.
    Level 4:
       Solved.
    Level 5:
       Solved.


Vanquished creatures:
  a giant mimic
  a stalker
  a dwarf ruler
 an ochre jelly
  a soldier
  a cockatrice
  a wolf
  3 winter wolf cubs
  a gremlin
  a leprechaun
  6 orc-captains
  a mumak
  2 gnome rulers
  a rust monster
  a Green-elf
  2 lizards
  a housecat
  a jaguar
  3 blue jellies
  a black unicorn
  a dust vortex
  2 ravens
  a plains centaur
  a gnome mummy
  5 snakes
 an ape
  2 human zombies
  2 rope golems
  a Woodland-elf
  a fire ant
 10 bugbears
  a Mordor orc
 11 Uruk-hai
  7 orc shamans
  3 rock moles
  2 ponies
  a fog cloud
  2 yellow lights
  a shrieker
  2 violet fungi
  8 gnome leaders
  a gnomish wizard
  a kobold mummy
  a black naga hatchling
  2 golden naga hatchlings
  2 gray oozes
  2 ghouls
  a straw golem
  a baby crocodile
  5 giant ants
  a little dog
  6 floating eyes
 10 dwarves
  a kobold leader
  3 kobold shamans
 13 hill orcs
  4 rothes
  3 giant bats
 an orc zombie
  a werejackal
  6 iguanas
  9 killer bees
  7 coyotes
  3 hobbits
  5 manes
  3 large kobolds
 11 hobgoblins
  3 giant rats
  7 cave spiders
  a brown mold
  a green mold
 30 gnomes
  6 geckos
  3 jackals
  3 foxes
  2 kobolds
  5 goblins
 13 grid bugs
  a bat
  6 lichens
  a kobold zombie
 10 newts
291 creatures vanquished.

No species were genocided or became extinct.

Game over:
                       ----------
                      /          \
                     /    REST    \
                    /      IN      \
                   /     PEACE      \
                  /                  \
                  |  LDaviesPeters   |
                  |      747 Au      |
                  |   killed by a    |
                  |      dingo       |
                  |                  |
                  |                  |
                  |       2026       |
                 *|     *  *  *      | *
        _________)/\\_//(\/(/\)/\//\/|_)_______

Goodbye LDaviesPeters the Archeologist...

You died in Sokoban on dungeon level 2 with 18821 points,
and 747 pieces of gold, after 12053 moves.
You were level 9 with a maximum of 67 hit points when you died.

